AoeStats
← Kenchard

Arena

508585144Analyzed
4v4 RM · 10d ago on Sep 23, 2026· 48m 50s· 8 players
Game mode
Random Map
Map size
Large (8 player)
Population
200
Speed
Normal
Resources
Standard
Victory
Conquest
Starting age
Dark Age
Ending age
Imperial Age
RankedLock teamsTeams togetherTeam positionsShared explorationLock speedFull tech treeHidden civsTurbo modeCheats
Victory
Defeat
🇨🇱 Mongols · Chile
1133
+14
🇺🇸 Byzantines · United States
1054
+17
🇮🇳 Romans · India
1044
+42
🇨🇱 Khitans · Chile
1028
+18
🇦🇷 Portuguese · Argentina
1116
-18
🇦🇷 Bohemians · Argentina
1108
-18
🇦🇷 Cumans · Argentina
1092
-17
🇦🇷 Franks · Argentina
1015
-14
1. d4
9:58 Feudal Age
11:17 Double-Bit Axe
11:13 Horse Collar
13:22 Loom
18:52 Castle Age
19:07 Wheelbarrow
20:47 Heavy Plow
20:50 Gambesons
21:06 Squires
20:51 Arson
24:56 Hand Cart
25:31 Bow Saw
26:21 Scale Mail Armor
26:33 Forging
28:52 Chain Mail Armor
28:47 Forging
31:31 Iron Casting
31:56 Gold Mining
31:56 Stone Mining
40:10 Fletching
42:59 Imperial Age
46:48 Plate Mail Armor
46:14 Bodkin Arrow
45:43 Elite Cataphract
45:47 Elite Varangian Guard
46:50 Conscription
46:42 Logistica
48:27 Caravan
Thomas
10:40 Feudal Age
11:33 Double-Bit Axe
16:45 Castle Age
14:38 Arson
15:25 Gold Mining
15:17 Domestication
17:38 Bow Saw
18:11 Squires
18:28 Forging
28:26 Scale Mail Armor
30:03 Pastoralism
30:58 Gambesons
37:29 Imperial Age
37:35 Imperial Age
35:54 Stone Mining
37:10 Iron Casting
36:50 Chain Mail Armor
37:45 Elite Fire Lancer
38:49 Conscription
38:13 Capped Ram
41:21 Wheelbarrow
42:48 Plate Mail Armor
44:40 Lamellar Armor
47:35 Heresy
47:16 Devotion
HeldLyric8875
11:00 Feudal Age
11:49 Double-Bit Axe
12:23 Horse Collar
20:55 Castle Age
21:00 Fletching
22:31 Loom
22:37 Loom
28:26 Wheelbarrow
Kenchard
11:10 Feudal Age
12:29 Loom
15:28 Castle Age
14:02 Stone Mining
15:06 Double-Bit Axe
15:08 Horse Collar
22:44 Fletching
23:35 Town Watch
24:29 Bodkin Arrow
25:21 Bow Saw
27:09 Bloodlines
27:00 Husbandry
29:41 Ballistics
29:31 Masonry
29:22 Padded Archer Armor
29:43 Scale Barding Armor
33:04 Nomads
35:46 Murder Holes
36:01 Gold Mining
36:47 Stone Shaft Mining
41:54 Imperial Age
40:02 Wheelbarrow
39:54 Fortified Wall
40:32 Chain Barding Armor
41:00 Hand Cart
43:08 Elite Mangudai
44:10 Conscription
45:23 Gold Shaft Mining
46:16 Chemistry
49:27 Hoardings
mariano34355
12:21 Feudal Age
12:58 Double-Bit Axe
17:40 Castle Age
16:34 Forging
24:10 Iron Casting
31:11 Scale Barding Armor
31:39 Gold Mining
42:13 Imperial Age
40:53 Chain Barding Armor
42:15 Cavalier
[PPP] BlackPanter
10:16 Feudal Age
14:15 Castle Age
12:58 Double-Bit Axe
13:59 Loom
15:38 Bow Saw
17:36 Gold Mining
21:13 Sanctity
28:52 Imperial Age
31:19 Fletching
33:02 Scale Mail Armor
33:45 Bodkin Arrow
33:51 Padded Archer Armor
40:22 Thumb Ring
41:05 Leather Archer Armor
42:07 Two-Man Saw
41:44 Wheelbarrow
41:52 Wheelbarrow
42:12 Ballistics
42:53 Chemistry
41:56 Bracer
42:26 Ring Archer Armor
42:04 Husbandry
42:15 Bloodlines
45:34 Siege Engineers
46:03 Cavalier
Dantito
11:47 Feudal Age
14:05 Wheelbarrow
13:18 Double-Bit Axe
18:27 Castle Age
18:26 Padded Archer Armor
18:32 Scale Mail Armor
18:28 Horse Collar
22:11 Bow Saw
24:08 Loom
33:45 Imperial Age
Kikelot
11:53 Feudal Age
16:01 Castle Age
14:48 Double-Bit Axe
14:49 Horse Collar
16:08 Gold Mining
17:43 Forging
20:32 Wheelbarrow
21:43 Bloodlines
22:10 Iron Casting
21:40 Scale Barding Armor
22:43 Scale Barding Armor
24:29 Chain Barding Armor
27:23 Gold Shaft Mining
26:50 Heavy Plow
28:05 Bow Saw
32:49 Loom
33:22 Hand Cart
36:56 Imperial Age
34:12 Town Watch
36:05 Sanctity
36:52 Masonry
36:57 Elite Steppe Lancer
Connection lost

Rejoining the realm…

Still unreachable

The connection could not be restored.

Session expired

The server has moved on; the page needs a fresh start.